 Dungeon Crawl Stone Soup version 0.31.0-12-g77e489cdc1 (webtiles) character file.

Game seed: 3724908586311346162

40 spaghetti the Ruffian (level 3, -1/34 HPs)
             Began as a Naga Chaos Knight on Feb 26, 2024.
             Was a Plaything of Xom.
             Slain by Natasha (6 damage)
             ... on level 2 of the Dungeon.
             The game lasted 00:01:08 (849 turns).

spaghetti the Ruffian (Naga Chaos Knight)            Turns: 849, Time: 00:01:09

Health: -1/34      AC:  4    Str: 14 (16) XL:     3   Next: 50%
Magic:  3/3        EV:  9    Int: 10 (12) God:    Xom [..*...]
Gold:   43         SH:  0    Dex:  8 (10) Spells: 2/2 levels left

rFire   . .          .
                       - Unarmed
rCold   . . .        (no shield)
rNeg    . . .        a - +2 leather armour
rPois   +            (no helmet)
rElec   .            (no cloak)
rCorr   .            (no gloves)
SInv    +            (no barding)
Will    +....        (no amulet)
Stlth   +            (no ring)
HPRegen 0.25/turn    (no ring)
MPRegen 0.08/turn

%: no passive effects
@: lethally poisoned (-1 -> -4), enlightened, flying, very slow
A: AC +1, large, see invisible, deformed body, poison resistance, slowness 2,
spit poison 1, naga tail 1
a: Spit Poison, Renounce Religion


You were on level 2 of the Dungeon.
You worshipped Xom.
You were a toy of Xom.
You visited 1 branch of the dungeon, and saw 2 of its levels.

You collected 43 gold pieces.

Inventory:

Armour
 a - a +2 leather armour (worn)
Scrolls
 b - a scroll of butterflies
 c - a scroll of poison {unknown}
 d - a scroll of enchant weapon {unknown}
 e - a scroll of noise {unknown}
 f - a scroll of identify {unknown}
 g - a scroll of fear {unknown}
 j - a scroll of vulnerability {unknown}


   Skills:
 - Level 3.0 Fighting
 - Level 1.5 Armour
 - Level 0.7 Dodging
 + Level 4.4 Unarmed Combat


You had 2 spell levels left.
You didn't know any spells.
Your spell library contained the following spells:

 Spells                   Type           Power      Damage    Failure   Level
 Gell's Gravitas          Tloc           0%         N/A       80%         3
 Teleport Other           Tloc           0%         N/A       80%         3
 Alistair's Intoxication  Alch           0%         N/A       100%        5
 Borgnjor's Vile Clutch   Necr/Erth      0%         N/A       100%        5
 Dispersal                Tloc           0%         N/A       100%        6
 Eringya's Noxious Bog    Alch           0%         4d6       100%        6


Dungeon Overview and Level Annotations

Branches:
Dungeon (2/15)

Altars:

Annotations:
D:2 Natasha


Innate Abilities, Weirdness & Mutations

Your serpentine skin is tough. (AC +1)
You have supernaturally acute eyesight. (SInv)
Armour fits poorly on your strangely shaped body.
Your system is resistant to poisons. (rPois)
You cover ground very slowly.
You can spit poison.
You have a snake-like lower body.


Message History

The adder is almost dead.
The adder barely misses you.
Natasha mumbles some strange words.
You closely miss the adder.
The adder is almost dead.
The adder bites you.
You miss the adder.
The adder is almost dead.
The cerulean imp hits you but does no damage.
Natasha stares at you and mumbles some strange words.
The magic dart hits you. The adder closely misses you.
You miss the adder.
The adder is almost dead.
The cerulean imp barely misses you. Natasha claws you.
* * * LOW HITPOINT WARNING * * *
The adder barely misses you.
Unknown command.
It was a potion of degeneration.
There was something very wrong with that liquid.
You feel weakened.
You feel dopey.
You feel clumsy.
Xom thinks this is hilarious!
The adder bites you.
* * * LOW HITPOINT WARNING * * *
You are poisoned.
The adder poisons you!
The cerulean imp hits you but does no damage.
Natasha claws you.
* * * LOW HITPOINT WARNING * * *
The adder closely misses you.
Unknown command.
It was a potion of enlightenment.
You feel very buoyant.
You fly up into the air.
* * * LOW HITPOINT WARNING * * *
You feel sick.
The cerulean imp hits you but does no damage.
Natasha claws you.
You die...
Natasha curls up and begins to purr.
Xom howls with laughter!

## #.
#. #.
#.###
...#
#..# #
#..#$#
#5@..#
#hS..#
##...#
#...#
#...#
#...#
#..?#
#$..#


You could see Natasha, a cerulean imp (summoned) and an adder.

Vanquished Creatures
  An adder (D:2)
  A dart slug (D:1)
  4 endoplasms (D:1)
  2 giant cockroaches (D:1)
  3 goblins (D:1)
  2 hobgoblins (D:1)
  A quokka (D:1)
  A ball python (D:1)
  3 bats (D:1)
  3 frilled lizards (D:1)
  5 kobolds (D:1)
  3 rats
29 creatures vanquished.

Notes
Turn   | Place    | Note
-------+----------+-------------------------------------------
     0 | D:1      | spaghetti the Naga Chaos Knight began the quest for the
                  | Orb.
     0 | D:1      | Reached XP level 1. HP: 21/21 MP: 1/1
   134 | D:1      | Reached XP level 2. HP: 20/28 MP: 2/2
   137 | D:1      | XOM: divination: magic mapping
   141 | D:1      | XOM: divination: detect items
   296 | D:1      | Reached skill level 4 in Unarmed Combat
   315 | D:1      | XOM: silly message
   334 | D:1      | Reached XP level 3. HP: 28/34 MP: 3/3
   554 | D:1      | Found a faded altar of an unknown god.
   833 | D:2      | XOM is BORED!
   833 | D:2      | XOM: 2-stop teleportation journey
   834 | D:2      | Noticed Natasha
   840 | D:2      | XOM: noise
   849 | D:2      | Slain by Natasha

Illustrated notes

Levels and vault maps discovered:
D:1:      roderic_crop_circles_arrival_small, layout_basic,
          basic_ecumenical_altar
D:2:      layout_basic, uniq_natasha

Skill      XL: |  1  2 |
---------------+-------+-----
Unarmed Combat | 4 |  4.4
Fighting       | |  3.0
Armour         | |  1.5
Dodging        | |  0.7

Action                     || total
---------------------------++-------
  Melee: Unarmed           ||   108
Ability: Spit Poison       ||    18
    Use: Potion            ||     2
 Armour: Leather armour    ||    79
  Dodge: Dodged            ||    42
